 Dungeon Crawl Stone Soup version 0.27-a0-684-g359e429f13 (webtiles) character file.

Game seed: 17390115056976849737

7 Gaff the Vexing (level 1, -3/9 HPs)
             Began as a Spriggan Arcane Marksman on Mar 20, 2021.
             Slain by a hobgoblin
             ... wielding a +0 club
              (9 damage)
             ... on level 1 of the Dungeon.
             The game lasted 00:01:42 (555 turns).

Gaff the Vexing (Spriggan Arcane Marksman)           Turns: 555, Time: 00:01:43

Health: -3/9       AC:  2    Str:  6    XL:     1   Next: 83%
Magic:  3/3        EV: 17    Int: 14    God:
Gold:   0          SH:  0    Dex: 15    Spells: 1/2 levels left

rFire    . . .     SeeInvis +   a - +0 hunting sling
rCold    . . .     Faith    .   (shield restricted)
rNeg     . . .     Spirit   .   e - +0 robe
rPois    .         Reflect  .   (helmet restricted)
rElec    .         Harm     .   (no cloak)
rCorr    .         Rampage  .   (gloves unavailable)
Will     .....                  (boots unavailable)
Stlth    ++........             (no amulet)
HPRegen  0.03/turn              (no ring)
MPRegen  0.08/turn              (no ring)

@: very quick
A: very small, no large weapons, unfitting armour, see invisible, speed 3
a: no special abilities


You were on level 1 of the Dungeon.
You visited 1 branch of the dungeon, and saw 1 of its levels.

Inventory:

Hand Weapons
 a - a +0 hunting sling (weapon)
 b - a +0 dagger
Missiles
 c - 13 stones (quivered ammo)
 d - 20 sling bullets
Armour
 e - a +0 robe (worn)
Potions
 f - a potion of attraction {unknown}


   Skills:
 - Level 0.7 Fighting
 * Level 2.8 Slings
 + Level 2.9 Dodging
 + Level 1.0 Stealth
 - Level 1.3 Spellcasting
 - Level 3.6 Hexes


You had one spell level left.
You knew the following spells:

 Your Spells              Type           Power      Damage    Failure   Level
a - Corona                Hex            12%        N/A       6%          1

Your spell library contained the following spells:

 Spells                   Type           Power      Damage    Failure   Level
 Slow                     Hex            11%        N/A       9%          2
 Inner Flame              Hex/Fire       6%         N/A       36%         3
 Portal Projectile        Hex/Tloc       12%        N/A       36%         3
 Cause Fear               Hex            5%         N/A       50%         4
 Leda's Liquefaction      Hex/Erth       3%         N/A       77%         4


Dungeon Overview and Level Annotations

Branches:
Dungeon (1/15)

Altars:


Innate Abilities, Weirdness & Mutations

You are very small and have problems with some larger weapons.
You are too small for most types of armour.
You have supernaturally acute eyesight. (SInv)
You cover ground extremely quickly. (Speed+++)


Message History

The hobgoblin shouts!
The stone hits the jackal.
The jackal is lightly wounded.
A jackal comes into view.
You shoot a stone. The stone closely misses the jackal.
You shoot a stone. The stone barely misses the jackal.
The stone hits the jackal.
The jackal is almost dead.
You see here a frilled lizard skeleton.
You shoot a stone.
The stone hits the jackal but does no damage.
You shoot a stone. The stone hits the jackal.
The jackal is moderately wounded.
The jackal bites you.
You shoot a stone. The stone hits the jackal.
You kill the jackal!
You shoot a stone. The stone hits the jackal.
You kill the jackal!
Your Stealth skill increases to level 1!
You shoot a stone.
The stone hits the hobgoblin but does no damage.
You shoot a stone.
The stone hits the hobgoblin but does no damage.
You shoot a stone. The stone barely misses the hobgoblin.
You shoot a stone. The stone closely misses the hobgoblin.
You shoot a stone. The stone closely misses the hobgoblin.
The hobgoblin hits you with a +0 club.
You are too injured to fight recklessly!
You are too injured to fight recklessly!
Fire: 15 stones
Press: ? - help, Q - select action, (/) - cycle Shift-Dir - straight line, f/p - hobgoblin
Aim: a hobgoblin, wielding a +0 club (59% to hit)
You shoot a stone. The stone closely misses the hobgoblin.
Fire: 14 stones
Press: ? - help, Q - select action, (/) - cycle Shift-Dir - straight line, f/p - hobgoblin
Aim: a hobgoblin, wielding a +0 club (59% to hit)
You shoot a stone. The stone barely misses the hobgoblin.
The hobgoblin hits you with a +0 club!
Ouch! That really hurt!
You die...

....).........$..#
###.......####g.#
#.#........##.h.#
#.#...........#.#
#.###.........#.# #.#
#......#h...# #.#
#.###...#...###
######.#####8###.)......
#<....g@...((.((.(.#....
######.#####8###........
#.# ###.......... #.#
.............. #.#
...........#... #.#
...........#... #.#
.......^...#... ###
..........##...
...#.....## #.#


You could see a hobgoblin.

Vanquished Creatures
  A goblin (D:1)
  2 jackals (D:1)
  A kobold (D:1)
  A frilled lizard (D:1)
  A rat (D:1)
6 creatures vanquished.

Notes
Turn   | Place    | Note
-------+----------+-------------------------------------------
     0 | D:1      | Gaff the Spriggan Arcane Marksman began the quest for the
                  | Orb.
     0 | D:1      | Reached XP level 1. HP: 9/9 MP: 3/3
   542 | D:1      | Reached skill level 1 in Stealth
   555 | D:1      | Slain by a hobgoblin

Illustrated notes

Levels and vault maps discovered:
D:1:      lemuel_arrival_cross, layout_rooms

Skill      XL: |  1 |
---------------+----+-----
Stealth        | 1 |  1.0
Fighting       | |  0.7
Slings         | |  2.8
Dodging        | |  2.9
Spellcasting   | |  1.3
Hexes          | |  3.6

Action                   || total
-------------------------++-------
Melee: Dagger            ||    16
 Fire: Hunting sling     ||    27
Armor: Robe              ||     1
Dodge: Dodged            ||    17

Table legend: (Time is in decaauts)
 A = Elapsed time spent in this place.
 B = Non-inter-level travel time spent in this place.
 C = Inter-level travel time spent in this place.
 D = Time resting spent in this place.
 E = Time spent auto-exploring this place.
 F = Levels seen in this place.
 G = Mean time per level.
                   A        B        C        D        E       F      G
               +--------+--------+--------+--------+--------+-----+--------+
         Total |    503 |    503 |      0 |    370 |     19 |   1 |  503.0 |
       Dungeon |    503 |    503 |      0 |    370 |     19 |   1 |  503.0 |
               +--------+--------+--------+--------+--------+-----+--------+

Top non-repeatable levels by time:
     D:1: 503 daAuts
